 Dungeon Crawl Stone Soup version 0.26.0-16-gc1dbca0489 (webtiles) character file.

Game seed: 13051050188046320785

99194 fiver49 the Spry (level 16, -1/120 HPs)
             Began as a Merfolk Earth Elementalist on Jan 21, 2021.
             Was the Champion of Hepliaklqana.
             Killed by divine providence
             ... invoked by an orc high priest
              (15 damage)
             ... on level 2 of the Orcish Mines.
             The game lasted 01:22:02 (26513 turns).

fiver49 the Spry (Merfolk Earth Elementalist)      Turns: 26513, Time: 01:22:05

Health: -1/120     AC: 17    Str: 17    XL:     16   Next: 24%
Magic:  22/22      EV: 20    Int: 13    God:    Hepliaklqana [******]
Gold:   999        SH: 20    Dex: 16    Spells: 18/19 levels left

rFire    . . .     SeeInvis +   O - +7 trident "Dogh" {pain, rPois rC- Int+3}
rCold    + + .     Faith    .   H - +2 tower shield {rPois}
rNeg     . . .     Spirit   .   M - +2 ring mail {Will+}
rPois    +         Reflect  .   R - +2 hood of the Assassin {Detection Stab+ Stlth++}
rElec    .         Harm     .   N - +1 cloak
rCorr    .         Rampage  .   z - +0 pair of gloves
Will     +++..                  c - +1 pair of boots "Wangoseh" {rC++ Int-5 Stlth+}
Stlth    +++++.....             W - amulet of regeneration
HPRegen  0.70/turn              J - ring of see invisible
MPRegen  0.18/turn              D - ring "Odiud" {*Drain rC+ Will+ Str+4 Stlth+}

@: about to teleport, studying Hexes
A: change form in water, swift swim, stealthy swim, reduced essence
a: Renounce Religion, Recall Ancestor, Ancestor Identity, Transference, Idealise


You were on level 2 of the Orcish Mines.
You worshipped Hepliaklqana.
Hepliaklqana was exalted by your worship.
You visited 3 branches of the dungeon, and saw 23 of its levels.
You visited 1 bazaar.
You also visited: Gauntlet.

You collected 1995 gold pieces.
You spent 996 gold pieces at shops.

Inventory:

Hand Weapons
 O - the +7 trident "Dogh" (weapon) {pain, rPois rC- Int+3}
   (You found it on level 8 of the Dungeon)

   In the hands of one skilled in necromantic magic, it inflicts extra damage on
   living creatures.
   It affects your intelligence (+3).
   It makes you vulnerable to cold.
   It protects you from poison.
Missiles
 m - 54 poisoned darts
 q - 21 javelins
 E - 13 curare-tipped darts
 K - 32 boomerangs (quivered)
 X - 3 throwing nets
Armour
 c - the +1 pair of boots "Wangoseh" (worn) {rC++ Int-5 Stlth+}
   (You found it in a Gauntlet)

   It affects your intelligence (-5).
   It greatly protects you from cold.
   It makes you more stealthy.
 z - a +0 pair of gloves (worn)
 H - a +2 tower shield of poison resistance (worn)
 M - a +2 ring mail of willpower (worn)
 N - a +1 cloak (worn)
 R - the +2 hood of the Assassin (worn) {Detection Stab+ Stlth++}
   (You found it in a Gauntlet)

   It makes you much more stealthy.
 Y - a +0 cloak of poison resistance
Jewellery
 j - an uncursed ring of protection from cold
 n - a +6 ring of strength
 u - an uncursed ring of flight
 w - the ring of Midnight {Ice Will+ MP+9 Stlth-}
   (You took it off a minotaur in a Gauntlet)

   [ring of ice]

   It enhances your ice magic.
   It makes you vulnerable to fire.
   It protects you from cold.
   It affects your willpower, your defense against some magical effects.
   It affects your magic capacity (+9).
   It makes you less stealthy.
 D - the ring "Odiud" (right hand) {*Drain rC+ Will+ Str+4 Stlth+}
   (You found it on level 5 of the Dungeon)

   [ring of stealth]

   It affects your strength (+4).
   It protects you from cold.
   It affects your willpower, your defense against some magical effects.
   It causes draining when unequipped.
   It makes you more stealthy.
 J - a ring of see invisible (left hand)
 Q - a +6 ring of dexterity
 W - an amulet of regeneration (around neck)
 Z - an uncursed ring of protection from cold
Wands
 x - a wand of polymorph (12)
 y - a wand of flame (23)
 F - a wand of acid (20)
 G - a wand of paralysis (23)
 T - a wand of disintegration (33)
Scrolls
 d - a scroll of brand weapon
 e - 5 scrolls of noise
 f - 3 scrolls of enchant weapon
 g - a scroll of enchant armour {unknown}
 h - 11 scrolls of remove curse
 i - a scroll of holy word
 l - 5 scrolls of blinking
 o - 5 scrolls of teleportation
 r - 4 scrolls of fog
 v - 4 scrolls of immolation
 A - 3 scrolls of magic mapping
 P - 2 scrolls of summoning
Potions
 a - a potion of berserk rage
 b - 3 potions of might
 k - 4 potions of haste
 p - 3 potions of magic
 s - 6 potions of curing
 t - a potion of lignification
 B - 2 potions of heal wounds
 C - 2 potions of attraction
 I - a potion of flight
 S - a potion of invisibility {unknown}
 U - 2 potions of cancellation
 V - 4 potions of brilliance
Books
 L - a manual of Hexes


   Skills:
 * Level 14.4 Fighting
 - Level 12.0 Polearms
 + Level 1.7 Throwing
 * Level 10.3 Armour
 * Level 16.9 Dodging
 - Level 2.1 Stealth
 * Level 12.5 Shields
 - Level 2.0 Spellcasting
 - Level 1.3 Transmutations
 - Level 2.4 Earth Magic
 - Level 8.0 Invocations


You had 18 spell levels left.
You knew the following spells:

 Your Spells              Type           Power        Failure   Level
a - Sandblast             Erth           14%          61%         1

Your spell library contained the following spells:

 Spells                   Type           Power        Failure   Level
 Passwall                 Tmut/Erth      5%           82%         2
 Corona                   Hex            1%           90%         1
 Shock                    Conj/Air       4%           90%         1
 Summon Small Mammal      Summ           4%           90%         1
 Call Imp                 Summ           1%           97%         2
 Slow                     Hex            1%           97%         2
 Swiftness                Air            1%           97%         2
 Stone Arrow              Conj/Erth      8%           98%         3
 Call Canine Familiar     Summ           1%           99%         3
 Inner Flame              Hex/Fire       1%           99%         3
 Portal Projectile        Hex/Tloc       2%           99%         3
 Static Discharge         Conj/Air       1%           99%         3
 Summon Guardian Golem    Hex/Summ       1%           99%         3
 Airstrike                Air            0%           100%        4
 Cause Fear               Hex            0%           100%        4
 Ice Form                 Ice/Tmut       3%           100%        4
 Leda's Liquefaction      Hex/Erth       2%           100%        4
 Petrify                  Tmut/Erth      6%           100%        4
 Summon Ice Beast         Ice/Summ       1%           100%        4
 Summon Lightning Spire   Summ/Air       1%           100%        4
 Irradiate                Conj/Tmut      1%           100%        5
 Lee's Rapid Deconstruct  Erth           3%           100%        5
 Lightning Bolt           Conj/Air       0%           100%        5
 Metabolic Englaciation   Hex/Ice        0%           100%        5
 Freezing Cloud           Conj/Ice/Air   0%           100%        6
 Hydra Form               Tmut           2%           100%        6
 Ozocubu's Refrigeration  Ice            0%           100%        6
 Simulacrum               Ice/Necr       0%           100%        6
 Statue Form              Tmut/Erth      4%           100%        6
 Dragon Form              Tmut           2%           100%        7


Dungeon Overview and Level Annotations

Branches:
Dungeon (15/15)            Temple (0/1) D:7            Lair (6/6) D:8
  Swamp (0/4) Lair:2        Snake (0/4) Lair:3        Slime (0/5) Lair:5
    Orc (2/2) D:12            Elf (0/3) Orc:2        Vaults (0/5) D:14
 Depths (0/5) D:15        Gauntlet (visited)

Altars:
Ashenzari
Cheibriados
Dithmenos
Elyvilon
Gozag
Hepliaklqana
Kikubaaqudgha
Okawaru
Ru
Trog
Uskayaw
Vehumet
Xom
Yredelemnul
Zin
Jiyva

Shops:
D:9 :   Orc:2 ?!

Annotations:
D:3 2 transporters
D:6 exclusion: centaur
Lair:2 3 runed translucent doors, JustYaKnow's ghost, journeyman MiFi
Lair:4 2 transporters, HunfridMar's ghost, journeyman DECj


Message History

The red devil completely misses you.
You feel much better. You block the orc high priest's attack.
The sun demon hits you.
You are engulfed in flames!
* * * LOW HITPOINT WARNING * * *
You hit the orc knight but do no damage.
The orc knight is almost dead.
You block the red devil's attack. You block the sun demon's attack.
You block the orc knight's attack.
The orc high priest hits you with a +0 hand axe.
* * * LOW HITPOINT WARNING * * *
You feel better.
The chaos spawn degenerates into a cloud of primal chaos!
The sun demon hits you.
* * * LOW HITPOINT WARNING * * *
You are engulfed in flames!!
* * * LOW HITPOINT WARNING * * *
You block the red devil's attack.
The orc high priest calls down the wrath of Beogh upon you.
Beogh smites you!
You die...

#.###............
##∩.∩###...#.......
##.....###..........
##..#.#..###.........
##.........####.......
##...#.#(#..)###....... ..
##.....§..((.).###......
#...
##..#.#3oo..#.#..###.....
#....
##..##.4.@#....##..###....
.....
##..###...###..3###..####..
....###..###...##
#...###..###..
....##..###...## { .4.
##..##.. .......###...##{{{
.. ##..... ......###...#


o{{ ##.... .....###.#.# ##.). ....## ...# {{ ##). .....## { ##.). You could see
an orc knight, an orc high priest (strong), a sun demon (summoned) and a red
devil (summoned).

Vanquished Creatures
  Kirke (D:14)
  An ironheart preserver (D:14)
  A minotaur (Gauntlet)
  A death ooze (Gauntlet)
  A fire dragon (D:15)
  An ogre mage (D:15)
  5 boulder beetles
  A rakshasa (D:15)
  3 hydras
  A merfolk avatar (Lair:6)
  Erica (D:9)
  A catoblepas (Lair:6)
  15 death yaks
  5 two-headed ogres
  2 tengu warriors
  3 unseen horrors
  A bog body (Lair:2)
  2 sea snakes (Lair:6)
  A glowing orange brain (D:15)
  Pikel (D:7)
  A wolf spider zombie (D:14)
  7 ugly things
  6 orc sorcerers
  A wolf spider (D:15)
  5 deep elf magi
  2 orc knights
  2 manticores
  2 cyclopes
  2 centaur zombies (D:15)
  A rust devil (Orc:2)
  6 elephants
  2 black mambas
  A guardian serpent (shapeshifter) (D:15)
  2 torpor snails
  8 cane toads
  A black mamba (shapeshifter) (D:15)
  8 rime drakes
  A rime drake (shapeshifter) (D:14)
  A yaktaur (shapeshifter) (D:15)
  7 komodo dragons
  6 meliai (D:14)
  A tengu conjurer (D:14)
  3 trolls
  15 blink frogs
  3 slime creatures
  4 hornets
  5 dream sheep (Lair:6)
  3 shadows
  A tarantella (shapeshifter) (D:15)
  A wraith (D:12)
  46 yaks
  4 wyverns
  3 basilisks
  A hog (D:14)
  A chaos spawn (Orc:2)
  A golden eye (shapeshifter) (D:15)
  11 vampire mosquitoes
  A warg (Orc:2)
  3 acid dragons
  2 nagas (Lair:3)
  14 water moccasins
  17 orc warriors
  5 sky beasts
  A phantom (D:12)
  A black bear (D:8)
  2 hornet zombies
  5 ice beasts
  14 ogres
  An eye of draining (shapeshifter) (D:15)
  4 boggarts (D:15)
  9 wolves
  6 centaurs (D:15)
  21 bullfrogs
  A gnoll sergeant (D:8)
  2 wyvern skeletons (D:14)
  A water moccasin skeleton (D:8)
  A hexer (Lair:6)
  4 troll zombies (D:12)
  3 scorpions
  10 killer bees
  7 wights
  An electric eel (Lair:4)
  10 hounds
  2 quasits
  4 jellies
  13 orc wizards
  2 bullfrog skeletons (D:13)
  7 centaur skeletons
  21 orc priests
  3 iguanas
  9 worker ants
  2 ogre zombies (D:12)
  A hound zombie (D:9)
  19 gnolls
  13 adders
  A shadow imp (D:7)
  A white imp (D:7)
  An ufetubus (D:6)
  An adder zombie (D:7)
  2 worms (D:2)
  6 dart slugs
  5 leopard geckos
  63 orcs
  4 giant cockroaches
  2 goblins
  5 hobgoblins
  15 jackals
  2 quokkas
  A ball python (D:1)
  6 bats
  2 frilled lizards
  4 goblin zombies (D:12)
  A hobgoblin skeleton (D:12)
  5 hobgoblin zombies (D:12)
  A jackal zombie (D:9)
  7 kobolds
  4 orc skeletons (D:12)
  9 orc zombies (D:12)
  A quokka skeleton (D:4)
  2 rats
616 creatures vanquished.

Vanquished Creatures (collateral kills)
  A boulder beetle (D:11)
  3 death yaks (Lair:4)
  An unseen horror (D:13)
  A bog body (Lair:2)
  A cyclops (D:15)
  An ugly thing (D:11)
  A black mamba (Lair:4)
  An elephant (Lair:6)
  A rust devil (Orc:2)
  A cane toad (Lair:6)
  4 rime drakes
  3 komodo dragons
  A tengu conjurer (D:14)
  A troll (D:14)
  A polar bear (Lair:6)
  7 blink frogs
  A vampire (D:12)
  12 yaks
  A basilisk (Lair:4)
  2 wyverns (Lair:6)
  A hog (D:14)
  A vampire mosquito (D:12)
  An acid dragon (D:12)
  A naga (Lair:3)
  5 water moccasins
  5 orc warriors
  A black bear (D:8)
  An ice beast (D:8)
  A phantom (D:9)
  3 ogres
  A boggart (D:15)
  2 centaurs
  5 bullfrogs
  A gnoll sergeant (D:8)
  A scorpion (D:6)
  4 killer bees
  A wight (D:15)
  2 hounds
  4 jellies
  2 orc priests
  A gnoll shaman (D:8)
  2 orc wizards
  2 ogre zombies (D:12)
  2 adders
  A shadow imp (D:7)
  7 orcs
  A giant cockroach (D:6)
  A goblin skeleton (D:12)
  An orc skeleton (D:12)
  A quokka zombie (D:5)
107 creatures vanquished.

Vanquished Creatures (others)
  An orc wizard (Orc:2)
  38 hexers
  An ancestor (D:5)
  An orc (Orc:2)
  56 fungi
  112 plants
209 creatures vanquished.

Grand Total: 932 creatures vanquished

Notes
Turn   | Place    | Note
-------+----------+-------------------------------------------
     0 | D:1      | fiver49 the Merfolk Earth Elementalist began the quest for
                  | the Orb.
     0 | D:1      | Reached XP level 1. HP: 13/13 MP: 3/3
   150 | D:1      | Reached skill level 1 in Polearms
   150 | D:1      | Reached skill level 3 in Dodging
   339 | D:1      | Reached XP level 2. HP: 20/20 MP: 5/5
   827 | D:2      | Reached XP level 3. HP: 25/25 MP: 6/6
   827 | D:2      | Found a snail-covered altar of Cheibriados.
  1092 | D:2      | Reached skill level 5 in Polearms
  1092 | D:2      | Reached XP level 4. HP: 31/31 MP: 7/7
  1735 | D:2      | Reached XP level 5. HP: 36/36 MP: 8/8
  2026 | D:3      | Found a transporter.
  2036 | D:3      | Found a transporter.
  2171 | D:3      | Found a broken altar of Ashenzari.
  2352 | D:3      | Reached XP level 6. HP: 36/42 MP: 9/9
  2423 | D:3      | Found a hazy altar of Hepliaklqana.
  2431 | D:3      | Became a worshipper of Hepliaklqana the Forgotten
  2472 | D:3      | Found a white marble altar of Elyvilon.
  2571 | D:3      | Found a basalt altar of Yredelemnul.
  2868 | D:4      | Found a radiant altar of Vehumet.
  2998 | D:4      | Found a bloodstained altar of Trog.
  3019 | D:4      | Reached * piety under Hepliaklqana
  3221 | D:5      | Entered Level 5 of the Dungeon
  3225 | D:5      | Got a transparent brass ring
  3227 | D:5      | Identified the ring "Odiud" {*Drain rC+ Will+ Str+4 Stlth+}
                  | (You found it on level 5 of the Dungeon)
  3764 | D:5      | Reached ** piety under Hepliaklqana
  3765 | D:5      | Remembered your ancestor Friðuswiþ as a hexer
  3942 | D:6      | Found a glowing silver altar of Zin.
  3982 | D:6      | Reached XP level 7. HP: 27/42 MP: 10/10
  4123 | D:6      | Reached skill level 10 in Polearms
  4416 | D:6      | Found an iron altar of Okawaru.
  4621 | D:6      | Reached XP level 8. HP: 30/47 MP: 11/11
  4934 | D:7      | Reached skill level 1 in Fighting
  4934 | D:7      | Reached skill level 1 in Shields
  4954 | D:7      | Found a staircase to the Ecumenical Temple.
  4961 | D:7      | Noticed Pikel
  4983 | D:7      | Killed Pikel
  4984 | D:7      | Reached skill level 1 in Armour
  4984 | D:7      | Reached skill level 4 in Dodging
  4984 | D:7      | Reached skill level 1 in Invocations
  5041 | D:7      | You fall into a shaft and drop 2 floors!
  5041 | D:9      | Found Voud's Book Shoppe.
  5103 | D:8      | Reached skill level 5 in Dodging
  5104 | D:8      | Reached *** piety under Hepliaklqana
  5230 | D:7      | Reached XP level 9. HP: 57/57 MP: 12/12
  5708 | D:7      | Reached skill level 6 in Dodging
  5775 | D:7      | Killed an unseen horror
  5776 | D:7      | Reached skill level 5 in Fighting
  6076 | D:8      | Reached skill level 7 in Dodging
  6161 | D:8      | Noticed a komodo dragon
  6249 | D:8      | Got an ichor-stained trident
  6250 | D:8      | Identified the +7 trident "Dogh" {pain, rPois rC- Int+3}
                  | (You found it on level 8 of the Dungeon)
  6360 | D:8      | Reached XP level 10. HP: 67/68 MP: 13/13
  6398 | D:8      | Reached skill level 8 in Dodging
  6442 | D:8      | Found a staircase to the Lair.
  6684 | D:8      | Found an iron altar of Okawaru.
  6810 | D:9      | Found a sacrificial altar of Ru.
  6810 | D:9      | Noticed a two-headed ogre
  6836 | D:8      | Killed a two-headed ogre
  6909 | D:9      | Found an ancient bone altar of Kikubaaqudgha.
  7030 | D:9      | Reached **** piety under Hepliaklqana
  7054 | D:9      | Reached skill level 9 in Dodging
  7441 | D:9      | Noticed Erica
  7465 | D:9      | Killed Erica
  7466 | D:9      | Reached skill level 5 in Invocations
  7902 | D:9      | Found a shadowy altar of Dithmenos.
  7902 | D:9      | Found a shimmering altar of Xom.
  8062 | D:9      | Reached XP level 11. HP: 56/77 MP: 14/14
  8090 | D:9      | Reached skill level 5 in Shields
  8328 | D:10     | Entered Level 10 of the Dungeon
  8678 | D:10     | Reached skill level 10 in Dodging
  8781 | D:10     | Found a hide-covered altar of Uskayaw.
  9232 | Lair:1   | Entered Level 1 of the Lair of Beasts
  9249 | Lair:1   | Reached skill level 5 in Armour
 10281 | Lair:2   | Reached skill level 11 in Dodging
 10299 | Lair:2   | Found a runed translucent gate.
 10299 | Lair:2   | Found a runed translucent gate.
 10299 | Lair:2   | Found a runed translucent gate.
 10305 | Lair:2   | Found a viscous altar of Jiyva.
 10305 | Lair:2   | Noticed JustYaKnow's ghost (journeyman MiFi)
 10579 | Lair:2   | Reached XP level 12. HP: 16/86 MP: 16/16
 10964 | Lair:2   | Found a staircase to the Swamp.
 11518 | Lair:3   | Found a staircase to the Snake Pit.
 11992 | Lair:3   | Reached skill level 10 in Fighting
 12172 | Lair:3   | Reached skill level 12 in Dodging
 12425 | Lair:3   | Reached ***** piety under Hepliaklqana
 12897 | Lair:4   | Noticed a six-headed hydra
 12928 | Lair:4   | Killed a six-headed hydra
 13142 | Lair:4   | Found a transporter.
 13143 | Lair:4   | Noticed HunfridMar's ghost (journeyman DECj)
 13144 | Lair:4   | Found a transporter.
 13145 | Lair:4   | Found the ring of the Hare {EV+8}
 13225 | Lair:4   | Noticed a four-headed hydra
 13248 | Lair:4   | Killed a four-headed hydra
 13608 | Lair:4   | Reached XP level 13. HP: 67/93 MP: 18/18
 14391 | Lair:5   | Reached skill level 13 in Dodging
 15081 | Lair:5   | Found a staircase to the Slime Pits.
 15750 | Lair:6   | Entered Level 6 of the Lair of Beasts
 16773 | Lair:6   | Reached skill level 14 in Dodging
 16773 | Lair:6   | Reached XP level 14. HP: 75/102 MP: 20/20
 16831 | Lair:6   | Reached skill level 10 in Shields
 18431 | Lair:6   | Identified the +6 whip of the Sun {antimagic, rF+} (You
                  | found it on level 6 of the Lair of Beasts)
 18652 | D:11     | Found a flickering gateway to a bazaar.
 18660 | Bazaar   | Entered a bazaar
 18664 | Bazaar   | Found Ybrull's General Store.
 18672 | Bazaar   | Found Dinofy's Gadget Boutique.
 18683 | Bazaar   | Found Vuner's Distillery.
 18698 | Bazaar   | Found Distiuda's Antique Weapon Shop.
 18706 | Bazaar   | Found Leerphesi's Antique Armour Shop.
 18776 | Bazaar   | Bought an embroidered cloak for 270 gold pieces
 18776 | Bazaar   | Bought a glowing tower shield for 270 gold pieces
 18776 | Bazaar   | Bought a jewelled ring mail for 324 gold pieces
 18806 | Bazaar   | Identified the +2 ring mail of Agnosticism {+Inv MP+9} (You
                  | bought it in a shop in a bazaar)
 18831 | Bazaar   | Bought a potion of curing for 36 gold pieces
 18831 | Bazaar   | Bought a potion of heal wounds for 60 gold pieces
 18831 | Bazaar   | Bought a potion of curing for 36 gold pieces
 18972 | D:11     | Reached skill level 15 in Dodging
 20260 | D:12     | Found a staircase to the Orcish Mines.
 20621 | D:12     | Reached XP level 15. HP: 74/110 MP: 21/21
 21207 | D:13     | Found a gate leading to a gauntlet.
 21239 | Gauntlet | Entered a Gauntlet
 21239 | Gauntlet | Found a transporter.
 21239 | Gauntlet | Found a transporter.
 21239 | Gauntlet | Found a transporter.
 21240 | Gauntlet | Found a transporter.
 21243 | Gauntlet | Found a transporter.
 21256 | Gauntlet | Found a transporter.
 21271 | Gauntlet | Found a transporter.
 21277 | Gauntlet | Found a transporter.
 21285 | Gauntlet | Found a transporter.
 21304 | Gauntlet | Found a transporter.
 21314 | Gauntlet | Found a transporter.
 21330 | Gauntlet | Found a transporter.
 21417 | Gauntlet | Got a pair of brightly glowing boots
 21419 | Gauntlet | Got a smouldering spear
 21431 | Gauntlet | Identified the +1 pair of boots "Wangoseh" {rC++ Int-5
                  | Stlth+} (You found it in a Gauntlet)
 21534 | Gauntlet | Identified the cursed +2 hand crossbow of the Twisting Rat
                  | {penet, rElec SInv}
 21534 | Gauntlet | Identified the ring of Midnight {Ice Will+ MP+9 Stlth-}
 21535 | Gauntlet | Found the +2 hood of the Assassin {Detection Stab+ Stlth++}
 22031 | D:13     | Identified the +4 spear of the Heart {pain, rPois} (You
                  | found it in a Gauntlet)
 22145 | D:14     | Found a gate to the Vaults.
 22561 | D:14     | Reached skill level 16 in Dodging
 22755 | D:14     | Noticed Kirke
 22804 | D:14     | Killed Kirke
 23169 | D:15     | Entered Level 15 of the Dungeon
 23671 | D:15     | Found an opulent altar of Gozag.
 23969 | D:15     | Reached skill level 10 in Armour
 24446 | D:15     | Found a staircase to the Depths.
 24454 | D:15     | Reached XP level 16. HP: 119/119 MP: 22/22
 24917 | Orc:1    | Entered Level 1 of the Orcish Mines
 25150 | Orc:1    | Reached skill level 1 in Throwing
 25205 | Orc:2    | Entered Level 2 of the Orcish Mines
 25205 | Orc:2    | Reached ****** piety under Hepliaklqana
 26041 | Orc:2    | Found Xafrufys's Distillery.
 26042 | Orc:2    | Found Vusacuit's Magic Scroll Boutique.
 26335 | Orc:2    | Found a staircase to the Elven Halls.
 26513 | Orc:2    | Killed from afar by an orc high priest

Illustrated notes

Levels and vault maps discovered:
D:1:      dpeg_arrival_tiny_f, layout_loops_ring
D:2:      layout_basic, kennysheep_slug_shrine
D:3:      gammafunk_wand_slinger, layout_basic, elyvilon_altar_1,
          yredelemnul_altar_generic, lemuel_coloured_pillars_altar,
          nicolae_ashenzari_panopticon
D:4:      layout_basic, bloody_trog, general_overflow_altar, amethyst_killhole
D:5:      layout_gridville
D:6:      layout_rooms, zin_treasury, columned_hall_lemuel,
          kennysheep_big_empty_room, okawaru_gym_becter
D:7:      layout_gridville, minmay_temple_entry_mist, minmay_checkerbox,
          uniq_pikel
D:8:      layout_cave_pools, kennysheep_little_box, due_lair_maze_entry_diamond,
          serial_gnoll_camp, gnoll_camp_mini_doghouse, gnoll_camp_mini_house,
          gnoll_camp_medium_02, gnoll_camp_mini_loothouse
D:9:      layout_stronghold, nicolae_overflow_crystal_walls,
          overflow_temple_1_default, gammafunk_temple_overflow_elements,
          serial_shops, nicolae_shop_waterfront, uniq_erica
D:10:     layout_big_octagon, basic_altar
D:11:     layout_stronghold, serial_shops, bzr_entry_water
D:12:     layout_stronghold, zombieorc2_lemuel
D:13:     layout_roguey, gauntlet_entry_generic
D:14:     layout_basic, skrybe_vaults_entry_preservation, corexii_corridor_pit,
          hex_large, minmay_holes, uniq_kirke
D:15:     gammafunk_enter_depths_forms, layout_irregular_city, serial_rivers,
          chequers_serial_rivers_marsh, chequers_serial_rivers_micro_c,
          chequers_serial_rivers_micro_b, chequers_serial_rivers_small_3,
          chequers_serial_rivers_micro_d, chequers_serial_rivers_small_b,
          grunt_ministairs_3, grunt_gozag_breadcrumbs
Lair:1:   layout_roguey, cheibrodos_lair_caveside_slide
Lair:2:   layout_cave_shapes, skrybe_swamp_entry_bodies, gammafunk_ghost_ooze,
          grunt_megastairs_2
Lair:3:   layout_gridlike, guppyfry_snake_entry_island, lemuel_fruit_fields,
          grunt_megastairs_3
Lair:4:   layout_misc_corridors, gammafunk_ghost_hive, st_stairs_3,
          lemuel_fruit_tree, serial_bayou_shore_a
Lair:5:   layout_hall_layers, minmay_slime_entry_pillars, grunt_megastairs_1
Lair:6:   gammafunk_lair_ancient_temple, layout_regular_city,
          serial_bayou_shore_b
Orc:1:    layout_caves, basic_altar, uniq_nergalle
Orc:2:    pf_orc_diabolical, layout_diamond_mine

Skill      XL: |  1  2  3  4  5  6  7  8  9 10 11 12 13 14 15 16 |
---------------+-------------------------------------------------+-----
Polearms       | 1 3 5 6 8 9 12 | 12.0
Dodging        | 3 5 7 9 11 12 14 15 16 | 16.9
Fighting       | 3 6 7 9 10 11 13 14 | 14.4
Shields        | 3 4 6 8 9 11 12 | 12.5
Armour         | 1 3 4 5 6 8 9 10 | 10.3
Invocations    | 2 3 5 6 7 8 |  8.0
Throwing       | 1 |  1.7
Stealth        | |  2.1
Spellcasting   | |  2.0
Transmutations | |  1.3
Earth Magic    | |  2.4

Action                   |  1- 3 |  4- 6 |  7- 9 | 10-12 | 13-15 | 16-18 || total
-------------------------+-------+-------+-------+-------+-------+-------++-------
Melee: Spear             |    57 |   136 |   331 |   905 |   724 |       ||  2153
       Tailslap          |       |       |     5 |     5 |     2 |       ||    12
       Trident           |       |       |       |       |  1200 |   363 ||  1563
Throw: Stone             |     2 |       |       |       |       |       ||     2
       Dart              |    10 |    49 |    39 |    54 |    86 |    13 ||   251
       Boomerang         |       |       |       |    13 |    56 |     5 ||    74
 Cast: Sandblast         |     2 |       |       |       |       |       ||     2
Invok: Ancestor Life: He |       |     1 |       |       |       |       ||     1
       Idealise          |       |       |       |     4 |     6 |       ||    10
       Recall Ancestor   |       |       |       |       |     3 |     1 ||     4
       Transference      |       |       |       |       |     2 |       ||     2
Evoke: Wand              |       |       |       |     4 |       |       ||     4
  Use: Scroll            |       |     2 |     9 |     9 |    17 |     1 ||    38
       Potion            |       |       |       |     1 |     5 |     3 ||     9
 Stab: Sleeping          |     1 |     1 |     5 |     5 |    21 |     1 ||    34
       Confused          |       |       |     5 |    11 |    17 |     3 ||    36
       Distracted        |       |       |     5 |     2 |    18 |     4 ||    29
       Petrified         |       |       |       |       |     3 |       ||     3
       Paralysed         |       |       |       |       |    15 |     9 ||    24
Armor: Ring mail         |    10 |    26 |    39 |    78 |   157 |    34 ||   344
Dodge: Dodged            |    25 |    26 |    60 |   195 |   473 |   134 ||   913
Block: Buckler           |       |     9 |    23 |    13 |       |       ||    45
       Kite shield       |       |       |       |   158 |   260 |       ||   418
       Tower shield      |       |       |       |       |   604 |   296 ||   900
